 Dungeon Crawl Stone Soup version 0.26-a0-665-gefeb406119 (webtiles) character file.

Game seed: 16355609173197336580

61 zazu2006 the Magician (level 4, -1/36 HPs)
             Began as a Naga Hedge Wizard on Oct 14, 2020.
             Slain by a gnoll
             ... wielding a +0 spear
              (4 damage)
             ... on level 2 of the Dungeon.
             The game lasted 00:03:25 (2171 turns).

zazu2006 the Magician (Naga Hedge Wizard)           Turns: 2171, Time: 00:03:25

Health: -1/36      AC:  0    Str: 10 (13) XL:     4   Next: 7%
Magic:  10/10      EV:  9    Int: 13 (15) God:
Gold:   150        SH:  0    Dex:  7 (10) Spells: 2/11 levels left

rFire    + + .     SeeInvis +   j - +2 dagger (venom)
rCold    + . .     Faith    .   (no shield)
rNeg     . . .     Spirit   .   l - +1 leather armour {rF+}
rPois    +         Reflect  .   c - +0 hat
rElec    +         Harm     .   (no cloak)
rCorr    +         Rampage  .   (no gloves)
MR       .....                  (no barding)
Stlth    ++........             p - amulet of inaccuracy (curse)
HPRegen  0.52/turn              s - -4 ring of protection (curse)
MPRegen  0.12/turn              (no ring)

@: resistant, hasted, invisible, quick
A: large, see invisible, deformed body, poison resistance, regeneration 1,
slowness 2, spit poison 1, evolution 1, AC +1
a: Spit Poison


You were on level 2 of the Dungeon.
You visited 1 branch of the dungeon, and saw 2 of its levels.

You collected 150 gold pieces.

Inventory:

Hand Weapons
 j - a +2 dagger of venom (weapon)
Armour
 c - a +0 hat (worn)
 l - a +1 leather armour of fire resistance (worn)
Jewellery
 p - a cursed amulet of inaccuracy (around neck)
 s - a cursed -4 ring of protection (left hand)
Scrolls
 b - a scroll of enchant weapon {unknown}
 f - a scroll of teleportation {unknown}
 g - a scroll of immolation {unknown}
 h - 2 scrolls of fog {unknown}
 k - 2 scrolls of identify {unknown}
 m - 2 scrolls of enchant armour {unknown}
 q - 2 scrolls of noise {unknown}
 r - a scroll of fear {unknown}
Potions
 a - a potion of haste
 i - a potion of curing {unknown}
 n - a potion of degeneration
 o - a potion of mutation


   Skills:
 + Level 0.7 Armour
 + Level 1.7 Dodging
 + Level 3.1 Stealth
 + Level 4.0 Spellcasting
 + Level 1.5 Conjurations
   Level 1.0 Summonings
 + Level 1.0 Translocations
 * Level 0.5 Poison Magic


You had 2 spell levels left.
You knew the following spells:

 Your Spells              Type           Power        Failure   Level
a - Magic Dart            Conj           #...         16%         1
b - Mephitic Cloud        Conj/Pois/Air  #.......     54%         3
c - Conjure Flame         Conj/Fire      #.......     52%         3
d - Blink                 Tloc           N/A          28%         2

Your spell library contained the following spells:

 Spells                   Type           Power        Failure   Level
 Call Imp                 Summ           #.......     28%         2
 Slow                     Hex            #.......     38%         2


Dungeon Overview and Level Annotations

Branches:
Dungeon (2/15)

Altars:


Innate Abilities, Weirdness & Mutations

You cannot wear boots.
Your serpentine skin is tough. (AC +1)
You have supernaturally acute eyesight. (SInv)
Armour fits poorly on your strangely shaped body.
Your system is resistant to poisons. (rPois)
You cover ground very slowly.
You can spit poison.
Your natural rate of healing is unusually fast.
You evolve.


Message History

You barely miss the gnoll. The gnoll hits you with a +0 spear!
You closely miss the gnoll. The gnoll hits you with a +0 spear.
* * * LOW HITPOINT WARNING * * *
It was a potion of degeneration.
There was something very wrong with that liquid.
You feel weakened.
You feel dopey.
You feel clumsy. The gnoll hits you with a +0 spear.
* * * LOW HITPOINT WARNING * * *
It was a potion of mutation.
You feel extremely strange.
You begin to heal more quickly.
You feel nature experimenting on you.
Don't worry, failures die fast.
It was a potion of haste.
You feel yourself speed up. The gnoll hits you with a +0 spear.
* * * LOW HITPOINT WARNING * * *
It was a potion of resistance.
You feel protected.
It was a potion of invisibility.
You fade into invisibility!
The gnoll hits you with a +0 spear.
You die...

#.#................. ########
#.################## #......#
#.....# #. ###......# #####.#
#. .........# ######.# #.
.........# #......# ##
....g....# #......#
.........####†..g..###########
....g..........[@............#
.........####................#
$.......[# #................#
.........# ######...........#
......)..# #...........#
########## #...........#
#...........# #...........#
#...........#


You could see a gnoll.

Vanquished Creatures
  A gnoll (D:2)
  2 adders (D:2)
  A dart slug (D:1)
  7 hobgoblins
  4 bats (D:1)
  3 frilled lizards
  3 goblins
  4 kobolds
  10 rats
35 creatures vanquished.

Notes
Turn   | Place    | Note
-------+----------+-------------------------------------------
     0 | D:1      | zazu2006 the Naga Hedge Wizard began the quest for the Orb.
     0 | D:1      | Reached XP level 1. HP: 15/15 MP: 4/4
   399 | D:1      | Reached XP level 2. HP: 22/22 MP: 0/6
  1264 | D:1      | Reached XP level 3. HP: 28/28 MP: 5/8
  1269 | D:1      | Learned a level 3 spell: Mephitic Cloud
  1273 | D:1      | Learned a level 3 spell: Conjure Flame
  1276 | D:1      | Learned a level 2 spell: Blink
  2157 | D:2      | Reached skill level 4 in Spellcasting
  2157 | D:2      | Reached XP level 4. HP: 29/36 MP: 10/10
  2168 | D:2      | Gained mutation: Your natural rate of healing is unusually
                  | fast. [potion of mutation]
  2168 | D:2      | Gained mutation: You evolve. [potion of mutation]
  2171 | D:2      | Slain by a gnoll

Illustrated notes

Levels and vault maps discovered:
D:1:      grunt_arrival_lava_bath, layout_loops_corners, minivault_19
D:2:      layout_basic, minmay_misc_feat_diagonals

Skill      XL: |  1  2  3 |
---------------+----------+-----
Spellcasting   | 4 |  4.0
Armour         | |  0.7
Dodging        | |  1.7
Stealth        | |  3.1
Conjurations   | |  1.5
Summonings     | |  1.0
Translocations | |  1.0
Poison Magic   | |  0.5

Action                   |  1- 3 |  4- 6 || total
-------------------------+-------+-------++-------
Melee: Dagger            |    23 |     3 ||    26
 Cast: Magic Dart        |    64 |       ||    64
       Blink             |     1 |       ||     1
 Abil: Spit Poison       |    14 |     1 ||    15
  Use: Potion            |       |     5 ||     5
Armor: Leather armour    |     4 |       ||     4
Dodge: Dodged            |    22 |     1 ||    23

Table legend: (Time is in decaauts)
 A = Elapsed time spent in this place.
 B = Non-inter-level travel time spent in this place.
 C = Inter-level travel time spent in this place.
 D = Time resting spent in this place.
 E = Time spent auto-exploring this place.
 F = Levels seen in this place.
 G = Mean time per level.
                   A        B        C        D        E       F      G
               +--------+--------+--------+--------+--------+-----+--------+
         Total |   2644 |   2606 |     38 |     35 |   2206 |   2 | 1322.0 |
       Dungeon |   2644 |   2606 |     38 |     35 |   2206 |   2 | 1322.0 |
               +--------+--------+--------+--------+--------+-----+--------+

Top non-repeatable levels by time:
     D:1: 1816 daAuts
     D:2: 827 daAuts
